 Dungeon Crawl Stone Soup version 0.19.1-1-g22dce08 (webtiles) character file.

33 esteth the Poker (level 3, 0/27 HPs)
             Began as a Merfolk Skald on Jan 13, 2017.
             Killed from afar by Terence (10 damage)
             ... with a wand of flame
             ... on level 2 of the Dungeon.
             The game lasted 00:03:02 (1318 turns).

esteth the Poker (Merfolk Skald)                    Turns: 1318, Time: 00:03:02

Health: 0/27       AC:  4    Str: 12    XL:     3   Next: 29%
Magic:  6/6        EV: 11    Int: 12    God:
Gold:   54         SH:  0    Dex: 13    Spells: 1 memorised, 5 levels left

rFire  . . .     SeeInvis .     a - +0 spear
rCold  . . .     Gourm    .     b - +0 leather armour
rNeg   . . .     Faith    .     (no shield)
rPois  .         Spirit   .     o - +0 helmet
rElec  .         Reflect  .     (no cloak)
rCorr  .         Harm     .     (no gloves)
MR     .....                    (no boots)
Stlth  +.........               (no amulet)
                                (no ring)
                                (no ring)

@: no status effects
A: change form in water, swift swim, stealthy swim
a: no special abilities


You were on level 2 of the Dungeon.
You were not hungry.

You visited 1 branch of the dungeon, and saw 2 of its levels.

You collected 54 gold pieces.

Inventory:

Hand Weapons
 a - a +0 spear (weapon)
Armour
 b - a +0 leather armour (worn)
 o - a +0 helmet (worn)
Scrolls
 e - 6 scrolls of identify {unknown}
 g - a scroll of fear {unknown}
 h - a scroll of magic mapping {unknown}
 j - a scroll of remove curse {unknown}
 n - a scroll of enchant weapon {unknown}
 p - a scroll of recharging {unknown}
 q - a scroll of teleportation {unknown}
Potions
 k - a potion of curing
 l - a potion of degeneration {unknown}
 m - 2 potions of berserk rage {unknown}
Books
 c - a book of Battle

   Spells                             Type                      Level
   a - Infusion                       Charms                       1
   b - Shroud of Golubria             Charms/Translocation         2
   c - Song of Slaying                Charms                       2
   d - Spectral Weapon                Hexes/Charms                 3
   e - Regeneration                   Charms/Necromancy            3
Comestibles
 d - 2 bread rations {@e1}
 i - a beef jerky


   Skills:
 - Level 2.1 Fighting
 + Level 5.3 Polearms
 - Level 0.6 Armour
 - Level 1.3 Dodging
 - Level 2.0 Spellcasting
 - Level 3.2 Charms


You had 5 spell levels left.
You knew the following spells:

 Your Spells              Type           Power        Failure   Level  Hunger
a - Infusion              Chrm           #...         12%         1    ##.....


Dungeon Overview and Level Annotations

Branches:
Dungeon (2/15)

Altars:
Qazlal

Annotations:
D:2 Terence


Message History

Terence is moderately wounded.
Terence zaps a wand.
The puff of flame hits you!
Ouch! That really hurt!
* * * LOW HITPOINT WARNING * * *
You are too injured to fight recklessly!
You are too injured to fight recklessly!
It was a potion of curing.
You feel better. Terence hits you but does no damage.
You barely miss Terence.
Terence is moderately wounded.
Terence barely misses you.
You hit Terence but do no damage.
Terence is moderately wounded.
Terence hits you but does no damage.
You hit Terence but do no damage.
Terence is moderately wounded.
You hit Terence.
Terence is heavily wounded.
Terence zaps a wand.
The puff of flame hits you!
You die...

#.....#.............#####.#
#....(#.............'.....#
#.###(########......#######
#.###.# #......#
##.....########......#
#....)...............#
##........#........###
#.######.#)###.##.# ...
..#@# #.##.######### #..
.###@# #.#....)...... #. #.
... #.#..######### .. #
...#.#.#..# ..###.#.####
... # ...# .#..


You could see Terence.

Vanquished Creatures
  A dart slug (D:1)
  6 bats (D:1)
  A giant cockroach (D:1)
  3 goblins
  5 hobgoblins
  2 jackals (D:2)
  6 kobolds
  3 frilled lizards
  4 rats (D:1)
31 creatures vanquished.

Notes
Turn   | Place    | Note
-------+----------+-------------------------------------------
     0 | D:1      | esteth the Merfolk Skald began the quest for the Orb.
     0 | D:1      | Reached XP level 1. HP: 16/16 MP: 3/3
   240 | D:1      | Reached skill level 4 in Polearms
   240 | D:1      | Reached XP level 2. HP: 19/22 MP: 5/5
   867 | D:2      | Found a faded altar of an unknown god.
  1019 | D:2      | Reached XP level 3. HP: 25/27 MP: 6/6
  1023 | D:2      | Reached skill level 5 in Polearms
  1214 | D:2      | Found a stormy altar of Qazlal.
  1301 | D:2      | Noticed Terence
  1318 | D:2      | Killed from afar by Terence

Skill      XL: |  1  2  3 |
---------------+----------+-----
Polearms       | 4 5 |  5.3
Fighting       | |  2.1
Armour         | |  0.6
Dodging        | |  1.3
Spellcasting   | |  2.0
Charms         | |  3.2

Action                   || total
-------------------------++-------
Melee: Spear             ||   135
  Use: Potion            ||     1
 Stab: Sleeping          ||     2
  Eat: Chunk             ||     1
Armor: Leather armour    ||    19
Dodge: Dodged            ||    57
